[Event "Skol-SM i Schack 2024, Grupp A"]
[Site "Arena Varberg, Kattegattsvagen 26, Varberg, Sweden"]
[Date "2024.10.12"]
[Round "6.12"]
[White "Wingh, Walter"]
[Black "Fredlund, Joel"]
[Result "0-1"]
[TimeControl "45 minutes + 10 seconds per move from move one."]
[WhiteFideId "1767836"]
[BlackFideId "1748157"]
[WhiteElo "1612"]
[BlackElo "1454"]

1. e4 e5 2. Nc3 Nc6 3. Bc4 Nf6 4. d3 Bb4 5. a3 Ba5 6. Nf3 d6 7. b4 Bb6 8. Na4 h6 9. Nxb6 axb6 10.
Bb2 Bg4 11. h3 Bh5 12. O-O Nd4 13. Bxd4 exd4 14. g4 Nxg4 15. hxg4 Bxg4 16. Kg2 Qf6 17. Rh1 h5 18. Qe2 Rh6 19. e5 Bxf3+ 20. Qxf3 Rg6+ 21.
Qg3 Rxg3+ 22. fxg3 dxe5 23. Rhf1 Qc6+ 24. Kh2 f6 25. Rf5 g6 26. Rf2 Ke7 27. Raf1 Rf8 28. b5 Qd7 29. a4 Qg4 30.
Bd5 h4 31. gxh4 Rh8 32. Kh1 Qxh4+ 33. Kg1 Rh5 34. Bxb7 Qg3+ 35. Rg2 Qe3+ 36. Rff2 Rf5 37. Kf1 Qc1+ 38. Ke2 Qxc2+ 39. Ke1 Qc1+ 40.
Ke2 Qe3+ 41. Kf1 Qxd3+ 42. Ke1 Qe3+ 43. Re2 Qc1# 0-1

[Event "Skol-SM i Schack 2024, Grupp A"]
[Site "Arena Varberg, Kattegattsvagen 26, Varberg, Sweden"]
[Date "2024.10.12"]
[Round "3.1"]
[White "Fridman, Arvid"]
[Black "Joensson, Oscar"]
[Result "0-1"]
[TimeControl "45 minutes + 10 seconds per move from move one."]
[WhiteFideId "1758632"]
[BlackFideId "1729977"]
[WhiteElo "1895"]
[BlackElo "1955"]

1. d4 d5 2. c4 e6 3. Nc3 Nf6 4.
cxd5 exd5 5. Bg5 c6 6. Qc2 Be7 7. e3 h6 8. Bh4 O-O 9. Bd3 Re8 10. Bg3 Bd6 11. Bxd6 Qxd6 12. Nge2 a5 13. Ng3 b5 14. O-O Ba6 15.
Rac1 a4 16. a3 Nbd7 17. Na2 Bb7 18. Nb4 Rac8 19. Qe2 Nb6 20. Qf3 g6 21. h4 h5 22. Ne2 Nc4 23. Bxc4 bxc4 24. Qf4 Qd8 25.
Nc3 Ra8 26. Rce1 Ne4 27. f3 Nd2 28. Rf2 Nb3 29. Qg3 Nxd4 30. e4 Nb5 31. Nxb5 cxb5 32. Nxd5 Bxd5 33. Rd2 Qb6+ 34. Kh2 Be6 35.
Rd6 Qb8 36. Red1 b4 37. axb4 Qxb4 38.
R1d2 c3 39. bxc3 Qxc3 40. Qg5 a3 41.
f4 a2 42. f5 Qe5+ 43. g3 a1=Q 0-1

[Event "Skol-SM i Schack 2024, Grupp A"]
[Site "Arena Varberg, Kattegattsvagen 26, Varberg, Sweden"]
[Date "2024.10.12"]
[Round "4.5"]
[White "Stanton-Andersson, Coll"]
[Black "Wedenberg, Oliver"]
[Result "0-1"]
[TimeControl "45 minutes + 10 seconds per move from move one."]
[WhiteFideId "1758837"]
[BlackFideId "1767909"]
[WhiteElo "1542"]
[BlackElo "1858"]

1. e4 c5 2. Nf3 Nc6 3. d4 cxd4 4. Nxd4 e5 5. Nf3 Nf6 6. Bg5 h6 7. Bxf6 Qxf6 8. Bc4 Qg6 9. Qd5 d6 10.
Rg1 Bg4 11. Nbd2 Be7 12. h3 Bd7 13. O-O-O a6 14. Bb3 b5 15. Nb1 O-O 16. Nc3 Rfc8 17. g4 Qf6 18. Rg3 Na5 19. h4 Nxb3+ 20. axb3 Bxg4 21. Rxg4 Qxf3 22. Rdg1 Bf8 23. Rg6 b4 24. Na4 Qxf2 25. R6g2 Qe3+ 26. Qd2 Qxd2+ 27. Kxd2 Rc6 28. Rg3 Rd8 29.
R1g2 g6 30. h5 g5 31. c3 d5 32. Ke3 d4+ 33. Ke2 Kg7 34. Rf3 Be7 35. Rgf2 f6 36. Rf5 0-1

[Event "Skol-SM i Schack 2024, Grupp A"]
[Site "Arena Varberg, Kattegattsvagen 26, Varberg, Sweden"]
[Date "2024.10.12"]
[Round "5.9"]
[White "Abdulkader, Ahmad"]
[Black "Schriever-Abeln, Marius"]
[Result "0-1"]
[TimeControl "45 minutes + 10 seconds per move from move one."]
[WhiteFideId "1776550"]
[BlackFideId "1752650"]
[WhiteElo "1613"]
[BlackElo "2009"]

1. e4 c5 2. Nf3 d6 3. d4 cxd4 4. Nxd4 Nf6 5. Nc3 a6 6. Be2 e5 7. Nb3 Be7 8.
O-O Be6 9. Be3 O-O 10. f4 exf4 11. Bxf4 Nc6 12. Be3 Ne5 13. h3 b5 14. a3 Rc8 15. Nd2 Qc7 16. Qe1 d5 17. Rc1 Rcd8 18.
exd5 Nxd5 19. Nxd5 Bxd5 20. Qf2 Ng6 21. Nf3 Rd7 22. Bb6 Qb7 23. Bc5 Nf4 24. Bd3 Bxc5 25. Qxc5 Nxd3 26. cxd3 Be6 27.
d4 Rfd8 28. Qe5 Bd5 29. Rf2 h6 30. Rd1 Qb6 31. Nh4 Bb3 32. Rd3 Be6 33. Rfd2 Rd5 34. Qe3 Rc8 35. Rc3 Rcd8 36. Rcd3 R5d6 37. Nf3 Bc4 38. Rc3 Re6 39.
Qf2 Bd5 40. Ne5 Rf6 41. Qh4 Re8 42. Rg3 Rxe5 43. Qxf6 Qxf6 0-1

[Event "Skol-SM i Schack 2024, Grupp A"]
[Site "Arena Varberg, Kattegattsvagen 26, Varberg, Sweden"]
[Date "2024.10.12"]
[Round "3.2"]
[White "Persson Holm, Simon"]
[Black "Kleist, Axel"]
[Result "0-1"]
[TimeControl "45 minutes + 10 seconds per move from move one."]
[WhiteFideId "1744380"]
[BlackFideId "1764322"]
[WhiteElo "1737"]
[BlackElo "1912"]

1. d4 e6 2. c4 f5 3. Nc3 Nf6 4. Bg5 Bb4 5. e3 Bxc3+ 6. bxc3 b6 7. Qf3 Nc6 8. d5 Ne5 9. Qg3 d6 10.
Be2 Ne4 11. Bxd8 Nxg3 12. hxg3 Kxd8 13. Nf3 Nxf3+ 14. Bxf3 e5 15. O-O-O a5 16. Rh4 Ke7 17. g4 fxg4 18. Bxg4 g5 19.
Bxc8 gxh4 20. Be6 Raf8 21. f3 Rf6 22. Rh1 Rh6 23. g3 hxg3 24. Rg1 Rg6 25. Bg4 h5 0-1

[Event "Skol-SM i Schack 2024, Grupp A"]
[Site "Arena Varberg, Kattegattsvagen 26, Varberg, Sweden"]
[Date "2024.10.12"]
[Round "4.6"]
[White "Eriksson, Wilmer"]
[Black "Walter, Fridolf"]
[Result "1-0"]
[TimeControl "45 minutes + 10 seconds per move from move one."]
[WhiteFideId "1768298"]
[BlackFideId "1753347"]
[WhiteElo "1849"]
[BlackElo "1708"]

1. e4 e5 2. Nf3 Nc6 3. Bb5 f5 4. d3 fxe4 5. dxe4 Qf6 6. O-O d6 7. Nc3 Bg4 8. Nd5 Qd8 9. h3 Bh5 10.
g4 Bf7 11. Ng5 Nh6 12. f4 exf4 13. Rxf4 Bg8 14. Qf3 Be7 15. Qc3 Bxd5 16. exd5 Bxg5 17. Bxc6+ bxc6 18. Qxc6+ Ke7 19. Re4+ Kf7 20.
Bxg5 Qxg5 21. Rf1+ Qf6 22. Qd7+ Kg6 23. Rxf6+ gxf6 24. Re7 Kg5 25. Rxh7 Rxh7 26. Qxh7 Ng8 27. Kg2 Kf4 28. Kf2 Ke5 29. Qf5+ Kd4 30.
c3+ Kc5 31. b4+ Kb5 32. Qd3+ Kb6 33. Qc4 Ne7 34. a4 a6 35. Qd4+ Kb7 36. c4 Ng6 37. c5 Ne5 38. c6+ Kb8 39.
Kg3 a5 40. b5 Kc8 41. b6 cxb6 42. Qxb6 Rb8 43. Qa6+ Kd8 44. Qxa5+ Ke8 45. c7 Rb3+ 46. Kg2 Rb2+ 47. Kg3 Rb3+ 48.
Kf4 Kd7 49. Qa7 Rc3 50. c8=Q+ Kxc8 51. Qh7 Rc4+ 52. Kf5 Nd7 53. Qe7 Kc7 54. h4 Rxa4 55. h5 Ra2 56. h6 Rh2 57. h7 Rh1 58. Ke6 Re1+ 59. Kf7 Rxe7 60.
Kxe7 Nb6 61. h8=Q Nxd5 62. Ke6 Kc6 63. Qe8+ Kc5 64. Qc8+ Kd4 65. Kxd6 Ne3 66. Qg8 Ke4 67. Qe6+ Kf4 68.
Qxf6+ Kxg4 69. Ke5 Ng2 70. Ke4 Nh4 71. Qg7 Kh3 72. Kf4 Ng2+ 73. Kf3 Nh4+ 74. Kf2 Nf5 75. Qg5 1-0

[Event "Skol-SM i Schack 2024, Grupp A"]
[Site "Arena Varberg, Kattegattsvagen 26, Varberg, Sweden"]
[Date "2024.10.12"]
[Round "5.10"]
[White "Fredlund, Joel"]
[Black "Al-Sherufi, Haider"]
[Result "0-1"]
[TimeControl "45 minutes + 10 seconds per move from move one."]
[WhiteFideId "1748157"]
[BlackFideId "1745212"]
[WhiteElo "1454"]
[BlackElo "1599"]

1. e4 e6 2. d4 d5 3. exd5 exd5 4. Nf3 Nf6 5. Bg5 Bf5 6. Bd3 Bxd3 7. Qxd3 Nbd7 8. O-O Be7 9. Nc3 c6 10.
a3 Qc7 11. Rfe1 Nb6 12. Re2 O-O-O 13. Ne5 Rhf8 14. Qf5+ Kb8 15. Bf4 Bd6 16. Nd3 Bxf4 17. Qxf4 Qxf4 18. Nxf4 Rfe8 19. Rae1 Nc4 20.
Nd1 Rxe2 21. Rxe2 Re8 22. Rxe8+ Nxe8 23. Kf1 a5 24. Ke2 b5 25. Nd3 Kc7 26. Ne3 Ned6 27. g4 f5 28. Nxf5 Nxf5 29.
gxf5 Nd6 30. b3 Nxf5 31. c3 Kd6 32. b4 axb4 33. axb4 Ne7 34. f4 Ke6 35. Kf3 Kf5 36. h3 h6 37.
Ke3 g5 38. Kf3 Ng6 39. fxg5 hxg5 40. Nf2 Nf4 41. Ke3 Ke6 42. Kf3 Kf6 43. Kg4 Ne2 44. Nd1 Ng1 45. Ne3 Kg6 46. Nd1 Ne2 47.
Kf3 Nc1 48. Kg4 Na2 49. Kf3 Kh5 50.
Kg3 Nc1 51. Kh2 Ne2 52. Kg2 Kh4 53. Kh2 Nf4 54. Nf2 Ne2 55. Nd1 Kh5 56. Kg2 g4 57. hxg4+ Kxg4 58. Kf2 Ng3 59. Ke3 Ne4 60. Nf2+ Kf5 61. Nd1 Kg5 62. Kf3 Kh4 63. Kf4 Kh3 64. Ke5 Kg3 65. Ke6 Kf3 66.
Kd7 Ke2 67. Kxc6 Kxd1 68. Kxd5 Nxc3+ 69. Kc5 Kc2 70. d5 Nxd5 71.
Kxd5 Kb3 72. Kc5 Ka4 73. Kd5 Kxb4 74. Kd4 Kb3 75. Kd3 b4 76. Kd2 Kb2 77. Kd3 b3 78. Kd2 Ka2 79. Kc1 b2+ 80. Kc2 b1=Q 0-1

[Event "Skol-SM i Schack 2024, Grupp A"]
[Site "Arena Varberg, Kattegattsvagen 26, Varberg, Sweden"]
[Date "2024.10.12"]
[Round "3.3"]
[White "Harlin, Jacob"]
[Black "Eriksson, Wilmer"]
[Result "1-0"]
[TimeControl "45 minutes + 10 seconds per move from move one."]
[WhiteFideId "1728180"]
[BlackFideId "1768298"]
[WhiteElo "1919"]
[BlackElo "1849"]

1. e4 c5 2. c3 Nf6 3. e5 Nd5 4. d4 cxd4 5. Nf3 d6 6. exd6 e6 7. Bc4 Nb6 8. Bb3 Bxd6 9. Nxd4 O-O 10.
O-O Nc6 11. Be3 Nxd4 12. Qxd4 Qe7 13. Rd1 Rd8 14. Qg4 e5 15. Qg5 Be6 16. Qxe7 Bxe7 17. Nd2 Nd5 18. Nc4 Nxe3 19. Nxe3 Bxb3 20. axb3 Rxd1+ 21. Rxd1 Rd8 22.
Rxd8+ Bxd8 23. Kf1 f6 24. Ke2 Kf7 25.
b4 b5 26. b3 Ke6 27. c4 a6 28. Nd5 f5 29. Nc3 bxc4
30. bxc4 Be7 31. Nd5 Bd6 32. h3 g5 33. f3 h5 34.
Ke3 h4 35. Kd3 Bb8 36. Nc3 Ba7 37. c5 Kd7 38. Kc4 Ke6 39. Nd5 Bb8 40. Nb6 Bc7 41. Nd5 Bb8 42. c6 Kd6 43. c7 Bxc7 44. Nxc7 Kxc7 45. Kd5 Kb6 46. Kxe5 Kb5 47. Kxf5 Kxb4 48. Kxg5 a5 49. f4 a4 50. f5 a3 51. f6 a2 52. f7 a1=Q 53. f8=Q+ Kb5 54. Qf5+ Kc4 55. Qf4+ Kd5 56. Kxh4 Qg1 57.
g4 Qe1+ 58. Kg5 Qe7 59. Qf6 Qe3 60. Kh4 Qe1+ 61. Kh5 Qe8 62. Kh6 Qe1 63. h4 Qg3 64. Qf5+ Kd6 65. h5 Qc3 66. Qf8+ Ke6 67.
g5 Qc1 68. Qf6+ Kd7 69. Kg7 Ke8 70. Qf7+ Kd8 71. Qf6+ Ke8 72. Kh6 Qd2 73. Kg6 Qd3+ 74. Kg7 Qd7+ 75. Kh6 Qd2 76. Qe6+ Kd8 77. Qe5 Qc1 78. Kg7 Qc6 1-0

[Event "Skol-SM i Schack 2024, Grupp A"]
[Site "Arena Varberg, Kattegattsvagen 26, Varberg, Sweden"]
[Date "2024.10.12"]
[Round "4.7"]
[White "Emanuelsson, Aron"]
[Black "Abdulkader, Ahmad"]
[Result "1-0"]
[TimeControl "45 minutes + 10 seconds per move from move one."]
[WhiteFideId "1780069"]
[BlackFideId "1776550"]
[WhiteElo "1720"]
[BlackElo "1613"]

1. d4 d5 2. Bf4 Nf6 3. e3 c5 4. c3 Nc6 5. Nd2 Bf5 6. Qb3 Qb6 7. Ngf3 e6 8. Be2 Be7 9. h3 O-O 10. Nh4 Bg6 11. Nxg6 hxg6 12.
O-O Nd7 13. Nf3 Qxb3 14. axb3 a6 15. dxc5 Nxc5 16. b4 Ne4 17. b5 axb5 18. Bxb5 g5 19. Bc7 Rfc8 20. Bb6 f6 21. Nd4 Nxd4 22.
exd4 Nd6 23. Bd7 1-0

[Event "Skol-SM i Schack 2024, Grupp A"]
[Site "Arena Varberg, Kattegattsvagen 26, Varberg, Sweden"]
[Date "2024.10.12"]
[Round "5.12"]
[White "Wingh, Walter"]
[Black "Johansson, Sigge"]
[Result "0-1"]
[TimeControl "45 minutes + 10 seconds per move from move one."]
[WhiteFideId "1767836"]
[BlackFideId "1742612"]
[WhiteElo "1612"]
[BlackElo "1746"]

1. d4 Nf6 2. c4 e6 3. Nf3 d5 4. g3 c6 5. Bg2 Bd6 6. O-O O-O 7. Qc2 Ne4 8. Nbd2 f5 9. Ne1 Nd7 10.
f3 Nef6 11. e4 fxe4 12. fxe4 Ng4 13. Rxf8+ Qxf8 14. Ndf3 dxe4 15. Qxe4 Qf5 16. Qxf5 exf5 17. Nd3 Ngf6 18. Nfe5 Ne4 19.
Nxd7 Bxd7 20. b3 Re8 21. Bf4 Bxf4 22. Nxf4 Kf7 23. Nd3 Nc3 24. Ne5+ Ke6 25. Re1 Kd6 26. a3 Re7 27. Kf1 Bc8 28.
Rc1 Ne4 29. Bxe4 fxe4 30. Re1 c5 31. Rxe4 cxd4 32. Rxd4+ Kxe5 33. Rd5+ Ke4 34. Rb5 Kd4 35. a4 Re5 36. Rxe5 Kxe5 37. Ke2 Kd4 38. Kd2 Bf5 39. a5 a6 40. h4 h5 41.
Kc1 Kc3 42. c5 Kxb3 43. Kd2 Kc4 0-1

[Event "Skol-SM i Schack 2024, Grupp A"]
[Site "Arena Varberg, Kattegattsvagen 26, Varberg, Sweden"]
[Date "2024.10.12"]
[Round "3.5"]
[White "Frank, Anton"]
[Black "Langhals, Mattias"]
[Result "1-0"]
[TimeControl "45 minutes + 10 seconds per move from move one."]
[WhiteTitle "CM"]
[WhiteFideId "1752383"]
[BlackFideId "1779168"]
[WhiteElo "2110"]
[BlackElo "1697"]

1. e4 e5 2. Nf3 Nf6 3. d4 exd4 4. e5 Nd5 5. Qxd4 Nb6 6. Nc3 Nc6 7. Qf4 Be7 8. Bd2 Nb4 9. O-O-O N4d5 10.
Nxd5 Nxd5 11. Qg3 g6 12. Bh6 c6 13. Bc4 Nc7 14. Ng5 Ne6 15. Nxe6 fxe6 16. Bxe6 Bf8 17. Bxf8 Rxf8 18. Bb3 Rf5 19.
f4 Qe7 20. Rd4 a5 21. c3 Ra6 22. Rhd1 b5 23. Bc2 Rf8 24. Kb1 b4 25. c4 c5 26. Rd6 Rxd6 27. exd6 Qf6 28. Qe3+ Kf7 29.
g3 Kg7 30. Qxc5 Bb7 31. Qxa5 Kg8 32. Qxb4 Bc6 33. c5 Re8 34. Qc4+ Kf8 35. a4 Bf3 36. Qd4 Qe6 1-0

[Event "Skol-SM i Schack 2024, Grupp A"]
[Site "Arena Varberg, Kattegattsvagen 26, Varberg, Sweden"]
[Date "2024.10.12"]
[Round "4.9"]
[White "Langhals, Mattias"]
[Black "Fredlund, Joel"]
[Result "1-0"]
[TimeControl "45 minutes + 10 seconds per move from move one."]
[WhiteFideId "1779168"]
[BlackFideId "1748157"]
[WhiteElo "1697"]
[BlackElo "1454"]

1. e4 e5 2. Nf3 Nc6 3. d4 exd4 4. Bc4 Na5 5. Qxd4 Qe7 6. Nc3 c5 7. Qd3 b6 8. Nd5 Qd8 9. Bf4 d6 10.
Bb5+ Bd7 11. e5 a6 12.
exd6 Bxb5 13. Nc7+ Kd7 14. Qf5+ Kc6 15. Qd5+ Kd7 16. Ne5+ Kc8 17. Qxa8# 1-0

[Event "Skol-SM i Schack 2024, Grupp A"]
[Site "Arena Varberg, Kattegattsvagen 26, Varberg, Sweden"]
[Date "2024.10.12"]
[Round "6.1"]
[White "Johansson, William"]
[Black "Joensson, Oscar"]
[Result "1/2-1/2"]
[TimeControl "45 minutes + 10 seconds per move from move one."]
[WhiteFideId "1744070"]
[BlackFideId "1729977"]
[WhiteElo "1971"]
[BlackElo "1955"]

1. e4 c6 2. Nf3 d5 3. d3 dxe4 4. dxe4 Qxd1+ 5. Kxd1 Nf6 6. Nbd2 Bg4 7. Be2 Nbd7 8. Ne1 g6 9. f3 Be6 10. Nd3 Bg7 11. c3 O-O-O 12. Kc2 g5 13. Nb3 h6 14. Ndc5 Nxc5 15. Nxc5 Bd7 16. a4 a5 17. Be3 b6 18. Nxd7 Nxd7 19. h4 Bf6 20. hxg5 hxg5 21.
g3 Nc5 22. Bxc5 bxc5 23. Bc4 e6 24. f4 gxf4 25. gxf4 Rxh1 26. Rxh1 Rh8 27. Rxh8+ Bxh8 28. Kd3 Kd7 29. Ke3 f6 30. Kf3 e5 31. f5 Bg7 32.
Kg4 Bh6 33. Kh5 Bc1 34. b3 Bd2 35. Be6+ Ke7 36. c4 Be3 1/2-1/2

[Event "Skol-SM i Schack 2024, Grupp A"]
[Site "Arena Varberg, Kattegattsvagen 26, Varberg, Sweden"]
[Date "2024.10.12"]
[Round "4.10"]
[White "Savela, Julina"]
[Black "Sniegon, Filip"]
[Result "1-0"]
[TimeControl "45 minutes + 10 seconds per move from move one."]
[WhiteFideId "1767437"]
[BlackFideId "1778277"]
[WhiteElo "1682"]
[BlackElo "1684"]

1. d4 d5 2. Nc3 e6 3. e4 dxe4 4. Nxe4 Nc6 5. Bb5 Bd7 6. Nf3 a6 7. Bc4 Be7 8. a3 Nf6 9. Nxf6+ Bxf6 10.
O-O O-O 11. Bf4 b5 12. Ba2 Re8 13. d5 exd5 14. Qxd5 Re7 15. Rfe1 Rc8 16. Rxe7 Qxe7 17. Re1 Qd8 18. Qxf7+ Kh8 19.
Rd1 Be6 20. Rxd8+ Rxd8 21. Qxe6 1-0

[Event "Skol-SM i Schack 2024, Grupp A"]
[Site "Arena Varberg, Kattegattsvagen 26, Varberg, Sweden"]
[Date "2024.10.12"]
[Round "6.2"]
[White "Kleist, Axel"]
[Black "Frank, Anton"]
[Result "0-1"]
[TimeControl "45 minutes + 10 seconds per move from move one."]
[BlackTitle "CM"]
[WhiteFideId "1764322"]
[BlackFideId "1752383"]
[WhiteElo "1912"]
[BlackElo "2110"]

1. e4 e5 2. Nf3 Nc6 3. Bc4 Nf6 4. d3 h6 5. O-O d6 6. c3 g5 7. a4 Bg7 8. b4 O-O 9. Re1 a6 10.
Na3 d5 11. exd5 Nxd5 12. Qb3 Be6 13. Bb2 Re8 14. Nc2 f5 15. Ne3 Nf4 16. Nxf5 Qf6 17. Nxg7 Kxg7 18. Bxe6 Rxe6 19. c4 Rf8 20.
Qc3 Nxg2 21. Nxe5 Nxe1 22. Nxc6 Nf3+ 23. Kg2 bxc6 24. Qxf6+ Rfxf6 25. Bxf6+ Rxf6 26. Rd1 Ne5 0-1

[Event "Skol-SM i Schack 2024, Grupp A"]
[Site "Arena Varberg, Kattegattsvagen 26, Varberg, Sweden"]
[Date "2024.10.11"]
[Round "2.3"]
[White "Keskitalo, Rasmus"]
[Black "Harlin, Jacob"]
[Result "1/2-1/2"]
[TimeControl "45 minutes + 10 seconds per move from move one."]
[WhiteFideId "1768271"]
[BlackFideId "1728180"]
[WhiteElo "1752"]
[BlackElo "1919"]

1. e4 c5 2. Nf3 d6 3. d4 cxd4 4. Nxd4 Nf6 5. Nc3 a6 6. Bg5 e6 7. f4 Be7 8.
Qf3 Qc7 9. O-O-O Nbd7 10. g4 b5 11. Bxf6 Nxf6 12. g5 Nd7 13. f5 O-O 14. Kb1 b4 15. Nce2 e5 16. Nb3 f6 17. gxf6 Bxf6 18. Qd3 Bb7 19.
Ng3 Nc5 20. Qc4+ Kh8 21. Qxb4 a5 22. Qc3 a4 23. Nxc5 dxc5 24. a3 Rfd8 25. Bc4 Rd4 26. Rxd4 exd4 27. Qd3 Be5 1/2-1/2

[Event "Skol-SM i Schack 2024, Grupp A"]
[Site "Arena Varberg, Kattegattsvagen 26, Varberg, Sweden"]
[Date "2024.10.11"]
[Round "2.4"]
[White "Kleist, Axel"]
[Black "Demeestere, Ewoud"]
[Result "1-0"]
[TimeControl "45 minutes + 10 seconds per move from move one."]
[WhiteFideId "1764322"]
[BlackFideId "1773585"]
[WhiteElo "1912"]
[BlackElo "1833"]

1. e4 c5 2. Nf3 d6 3. d4 cxd4 4. Nxd4 Nf6 5. Nc3 Nc6 6. f3 e5 7. Nb3 Be6 8. Nd5 Nxe4 9. fxe4 Qh4+ 10.
Kd2 g6 11. Qe1 Bh6+ 12. Kd1 Bg4+ 13. Be2 Bxe2+ 14. Qxe2 O-O-O 15. g3 Qh3 16. Bxh6 Qxh6 17. c3 f5 18. Kc2 fxe4 19. Raf1 Rhf8 20.
h4 Kb8 21. Qxe4 Rc8 22. Kb1 g5 23. Qe3 Qe6 24. Qe4 gxh4 25. gxh4 Rg8 26. Nf6 Rg7 27. Qd5 Qe7 28. Nd2 Nd8 29.
Nc4 Nf7 30. Ne4 Rc6 31. Rf6 1-0

[ePGN "0.1;DGT LiveChess/2.2.6"]

[Event "Skol-SM i Schack 2024, Grupp A"]
[Site "Arena Varberg, Kattegattsvagen 26, Varberg, Sweden"]
[Date "2024.10.11"]
[Round "1.1"]
[White "Frank, Anton"]
[Black "Johansson, Sigge"]
[Result "1-0"]
[TimeControl "45 minutes + 10 seconds per move from move one."]
[WhiteTitle "CM"]
[WhiteFideId "1752383"]
[BlackFideId "1742612"]
[WhiteElo "2110"]
[BlackElo "1746"]

1. e4 c5 2. Nf3 g6 3. d4 cxd4 4. Nxd4 Bg7 5. c4 Nc6 6. Be3 Nf6 7. Nc3 O-O 8. Be2 e6 9. Ndb5 b6 10.
O-O Bb7 11. Nd6 Qc7 12. f4 Ne7 13. e5 Ne8 14. Nxb7 Qxb7 15. Bf3 Nc6 16. b4 Qc8 17. b5 Nxe5 18. fxe5 Rb8 19. Bd4 Qxc4 20.
Be2 Qc8 21. Ne4 Rb7 22. Rc1 Rc7 23. Qd2 Rxc1 24. Rxc1 Qb8 25. Qc3 h6 26. Bf3 Kh7 27. a4 Kg8 28. h4 Kh7 29. g4 Kg8 30.
g5 h5 31. Bg2 Kh8 32. Nf6 d6 33. Nd7 1-0

[Event "Skol-SM i Schack 2024, Grupp A"]
[Site "Arena Varberg, Kattegattsvagen 26, Varberg, Sweden"]
[Date "2024.10.11"]
[Round "1.2"]
[White "Persson Holm, Simon"]
[Black "Schriever-Abeln, Marius"]
[Result "1-0"]
[TimeControl "45 minutes + 10 seconds per move from move one."]
[WhiteFideId "1744380"]
[BlackFideId "1752650"]
[WhiteElo "1737"]
[BlackElo "2009"]

1. d4 Nf6 2. c4 e6 3. g3 d5 4.
Bg2 Bb4+ 5. Bd2 a5 6. Nf3 O-O 7. O-O dxc4 8. Bxb4 axb4 9. Ne5 Nd5 10. Nxc4 b5 11. Ne5 Bb7 12. Qd3 f6 13.
Nf3 Qd7 14. Nbd2 Rd8 15. Nb3 Na6 16. Rac1 Ra7 17. Rc2 Nb6 18. Na5 Bd5 19. Nc6 Bxc6 20. Rxc6 Qxc6 21. Ng5 Qxg2+ 22. Kxg2 fxg5 23.
Qxb5 Raa8 24. Qxg5 Rxd4 25. Qe5 Rd6 26. Rc1 Nd5 27. e4 Nf6 28. Rxc7 Rad8 29. Re7 Nb8 30. Qg5 Ne8 31. Qh5 Nd7 32.
Qf7+ Kh8 33. Rxe8+ 1-0

[Event "Skol-SM i Schack 2024, Grupp A"]
[Site "Arena Varberg, Kattegattsvagen 26, Varberg, Sweden"]
[Date "2024.10.11"]
[Round "2.6"]
[White "Persson, Sebastian"]
[Black "Persson Holm, Simon"]
[Result "0-1"]
[TimeControl "45 minutes + 10 seconds per move from move one."]
[WhiteFideId "1764187"]
[BlackFideId "1744380"]
[WhiteElo "1860"]
[BlackElo "1737"]

1. c4 c6 2. Nf3 d5 3. cxd5 cxd5 4. g3 Nf6 5. Bg2 Nc6 6. O-O Bf5 7. d3 h6 8. b3 e6 9. Bb2 Be7 10.
Nbd2 O-O 11. Re1 Rc8 12. Rc1 Qb6 13. h3 Bc5 14. Rf1 Rfd8 15. Bxf6 gxf6 16. Nh4 Bh7 17. e4 dxe4 18. Qh5 Rxd3 19.
Nxe4 Bxe4 20. Bxe4 Rxg3+ 21. Kh2 Bxf2 22. Qxh6 Rg7 23. Qxf6 Bd4 24. Qf3 Qc7+ 25. Kh1 Rg3 26. Qf4 Qxf4 27.
Rxf4 Be3 28. Rff1 Bxc1 0-1

[Event "Skol-SM i Schack 2024, Grupp A"]
[Site "Arena Varberg, Kattegattsvagen 26, Varberg, Sweden"]
[Date "2024.10.11"]
[Round "1.3"]
[White "Johansson, William"]
[Black "Emanuelsson, Aron"]
[Result "1/2-1/2"]
[TimeControl "45 minutes + 10 seconds per move from move one."]
[WhiteFideId "1744070"]
[BlackFideId "1780069"]
[WhiteElo "1971"]
[BlackElo "1720"]

1. b3 d5 2. Bb2 c6 3. g3 Nf6 4. Bg2 Bf5 5. Nf3 e6 6. O-O h6 7. c4 Be7 8. d4 O-O 9. Nbd2 Nbd7 10.
Re1 Ne4 11. Ne5 Nxd2 12. Qxd2 Nxe5 13. dxe5 dxc4 14. Qxd8 Rfxd8 15. e4 Bg6 16. bxc4 Rd7 17. Rad1 Rad8 18. Rxd7 Rxd7 19. Kf1 Bb4 20.
Rb1 Rd2 21. Bd4 c5 22. a3 Bxa3 23. Be3 Rb2 24. Rxb2 Bxb2 25. Bxc5 b6 26. Bd6 f6 27. f4 fxe5 28. fxe5 a5 29.
Ke2 Bh5+ 30. Kd2 a4 31. Bh3 Kf7 32. g4 a3 33. Kc2 Bg6 34. Bg2 h5 35. h3 hxg4 36. hxg4 Kg8 37. Kb3 Kh7 38.
g5 Be8 39. Bxa3 Bxa3 40. Kxa3 Kg6 41. Bh3 Bd7 42. Kb4 Kxg5 43. c5 bxc5+ 44. Kxc5 Kf4 45. Kd6 Kxe4 46. Bxe6 Be8 47. Bd5+ Kf5 48.
Be6+ Kf4 49. Bc8 g5 50. e6 g4 51. Ke7 g3 52. Bb7 Bh5 53. Kd8 Ke3 54. e7 Kf2 1/2-1/2

[Event "Skol-SM i Schack 2024, Grupp A"]
[Site "Arena Varberg, Kattegattsvagen 26, Varberg, Sweden"]
[Date "2024.10.11"]
[Round "2.7"]
[White "Schriever-Abeln, Marius"]
[Black "Johansson, William"]
[Result "0-1"]
[TimeControl "45 minutes + 10 seconds per move from move one."]
[WhiteFideId "1752650"]
[BlackFideId "1744070"]
[WhiteElo "2009"]
[BlackElo "1971"]

1. d4 Nf6 2. c4 e6 3. Nf3 b6 4. g3 Bb4+ 5. Bd2 Be7 6. Bg2 Bb7 7. Nc3 c6 8. e4 d5 9. e5 Ne4 10.
O-O Nxc3 11. Bxc3 dxc4 12. a4 b5 13. Qc2 Qc7 14. axb5 cxb5 15. Ba5 Qd7 16. b3 cxb3 17. Qxb3 Bd5 18.
Qb2 Qb7 19. Nh4 Bxh4 20. Bxd5 Qxd5 21. gxh4 Nc6 22. Rfd1 O-O 23. Bc7 a5 24. Bd6 Rfc8 25. h5 Qe4 26. h6 gxh6 27. Ra3 Kh8 28.
Rg3 Rg8 29. Rdd3 Rxg3+ 30. Rxg3 Nxd4 31. Be7 Qxe5 32. Re3 Nf3+ 33. Rxf3 Qxb2 0-1

[Event "Skol-SM i Schack 2024, Grupp A"]
[Site "Arena Varberg, Kattegattsvagen 26, Varberg, Sweden"]
[Date "2024.10.11"]
[Round "1.4"]
[White "Walter, Fridolf"]
[Black "Joensson, Oscar"]
[Result "0-1"]
[TimeControl "45 minutes + 10 seconds per move from move one."]
[WhiteFideId "1753347"]
[BlackFideId "1729977"]
[WhiteElo "1708"]
[BlackElo "1955"]

1. e4 c6 2. d4 d5 3. Nc3 dxe4 4. Nxe4 Nf6 5. Nxf6+ exf6 6. Nf3 Bd6 7. Bd3 O-O 8. O-O Bg4 9.
c3 Nd7 10. Bc2 Re8 11. Qd3 Nf8 12. Bd2 Qc7 13. h3 Bh5 14. Nh4 Be2 15. Qf5 g6 16. Qxf6 Be7 17. Qe5 Qxe5 18. dxe5 Bxf1 19.
Kxf1 Bxh4 20. g3 Be7 21. f4 Bc5 22. a4 Rad8 23. Be1 a5 24. Kg2 f6 25. Bb3+ Kg7 26. exf6+ Kxf6 27. g4 Rd3 28.
Bc4 Rd6 29. b4 Bb6 30. Rb1 Re4 31. Bf1 axb4 32. cxb4 Ne6 33. Bc3+ Bd4 34. Rd1 Nxf4+ 35. Kh1 Ke5 36. Be1 Bf2 37.
Rxd6 Rxe1 38. Rd7 Rxf1+ 39. Kh2 Ke4 0-1